 Dungeon Crawl Stone Soup version 0.26.1-11-gd32895ea62 (webtiles) character file.

Game seed: 16568254498644148004

556 Eitelfritz the Chopper (level 7, -3/61 HPs)
             Began as a Hill Orc Fighter on June 10, 2021.
             Killed from afar by Dowan (21 damage)
             ... with a shard of ice
             ... on level 4 of the Dungeon.
             The game lasted 00:07:26 (3808 turns).

Eitelfritz the Chopper (Hill Orc Fighter)           Turns: 3808, Time: 00:07:26

Health: -3/61      AC: 11    Str: 21    XL:     7   Next: 30%
Magic:  7/7        EV:  8    Int: 11    God:
Gold:   202        SH:  9    Dex: 10    Spells: 6/6 levels left

rFire    . . .     SeeInvis .   a - +0 war axe
rCold    . . .     Faith    .   c - +0 kite shield
rNeg     . . .     Spirit   .   b - +0 scale mail
rPois    .         Reflect  .   q - +2 helmet {Int+3}
rElec    .         Harm     .   m - +0 cloak
rCorr    .         Rampage  .   (no gloves)
Will     .....                  (no boots)
Stlth    ..........             (no amulet)
HPRegen  0.20/turn              (no ring)
MPRegen  0.10/turn              (no ring)

@: mighty, lethally poisoned (-3 -> -11)
A: no striking features
a: no special abilities


You were on level 4 of the Dungeon.
You visited 2 branches of the dungeon, and saw 5 of its levels.

You collected 202 gold pieces.

Inventory:

Hand Weapons
 a - a +0 war axe (weapon)
 p - a +4 spear of flaming
Missiles
 j - 9 boomerangs (quivered)
 r - 7 javelins
 w - 13 poisoned darts
Armour
 b - a +0 scale mail (worn)
 c - a +0 kite shield (worn)
 m - a +0 cloak (worn)
 q - a +2 helmet of intelligence (worn)
Wands
 u - a wand of flame (14)
Scrolls
 e - 2 scrolls of teleportation {unknown}
 f - 2 scrolls of enchant weapon {unknown}
 h - 2 scrolls of identify {unknown}
 l - a scroll of remove curse {unknown}
 s - 2 scrolls of enchant armour {unknown}
Potions
 d - a potion of might
 g - 2 potions of lignification {unknown}
 i - 3 potions of curing {unknown}
 k - 2 potions of brilliance {unknown}
 n - a potion of resistance {unknown}
 o - a potion of cancellation {unknown}
 t - a potion of haste {unknown}
 v - a potion of berserk rage {unknown}


   Skills:
 + Level 5.3 Fighting
 + Level 6.4 Axes
 + Level 4.5 Armour
 + Level 1.4 Dodging
 + Level 0.4 Stealth
 + Level 4.8 Shields
 + Level 0.8 Evocations


You had 6 spell levels left.
You didn't know any spells.
Your spell library was empty.

Dungeon Overview and Level Annotations

Branches:
Dungeon (4/15)             Temple (1/1) D:4

Altars:
Ashenzari
Cheibriados
Dithmenos
Elyvilon
Fedhas
Gozag
Hepliaklqana
Kikubaaqudgha
Nemelex Xobeh
Ru
Sif Muna
Uskayaw
Vehumet
Yredelemnul
Zin

Annotations:
D:4 Dowan


Message History

Dowan says, "How can I live without her?"
Dowan gestures at you while chanting. The shard of ice hits you!
You feel sick. You block Dowan's attack.
You hit Dowan.
Dowan is severely wounded.
You feel sick. Dowan hits you with a +0 dagger.
Dowan hits you but does no damage.
You closely miss Dowan.
Dowan is severely wounded.
You feel sick. You block Dowan's attack. Dowan hits you but does no damage.
You closely miss Dowan.
Dowan is severely wounded.
You feel sick.
Dowan mumbles some strange words.
Dowan blinks!
You feel sick.
Dowan points at you and mumbles some strange words.
The shard of ice hits you!!
You die...

#.. #..#.#..# ...
#.##..##.##..##.#
#....##...##....#
#.......>.[.....#
#...e##...##....#
#.##..##(##..##.#
#..#.#..# .#
#.....# #@....#
#....)....#
#...#..##.....
###.#.## #....
#...# ##.. ##.##
# .. ...#


You could see Dowan (fast).

Vanquished Creatures
  A wyvern (D:3)
  Duvessa (D:4)
  A scorpion (D:4)
  Crazy Yiuf (D:2)
  An orc wizard (D:3)
  A hound skeleton (D:4)
  Robin (D:2)
  A gnoll (D:1)
  4 adders
  2 oozes
  4 worms
  A dart slug (D:2)
  A leopard gecko (D:3)
  9 orcs
  7 bats
  5 giant cockroaches
  13 goblins
  8 hobgoblins
  4 jackals (D:2)
  A quokka (D:2)
  3 frilled lizards
  12 kobolds
  19 rats
101 creatures vanquished.

Vanquished Creatures (others)
  An orc wizard (D:3)
  A plant (D:3)
2 creatures vanquished.

Grand Total: 103 creatures vanquished

Notes
Turn   | Place    | Note
-------+----------+-------------------------------------------
     0 | D:1      | Eitelfritz the Hill Orc Fighter began the quest for the
                  | Orb.
     0 | D:1      | Reached XP level 1. HP: 19/19 MP: 1/1
   170 | D:1      | Reached XP level 2. HP: 23/27 MP: 2/2
   171 | D:1      | Reached skill level 3 in Axes
   437 | D:1      | Reached XP level 3. HP: 24/33 MP: 3/3
   714 | D:2      | Reached skill level 4 in Axes
   908 | D:2      | Found a snail-covered altar of Cheibriados.
   908 | D:2      | Found an opulent altar of Gozag.
  1041 | D:2      | Reached XP level 4. HP: 28/40 MP: 4/4
  1604 | D:2      | Found a runed translucent door.
  1605 | D:2      | Noticed Crazy Yiuf
  1706 | D:2      | Noticed Robin
  1717 | D:2      | Killed Robin
  1725 | D:2      | Reached XP level 5. HP: 34/47 MP: 5/5
  2037 | D:2      | Killed Crazy Yiuf
  2287 | D:3      | Reached skill level 5 in Axes
  3067 | D:3      | Reached XP level 6. HP: 53/55 MP: 6/6
  3132 | D:3      | Noticed a wyvern
  3142 | D:3      | HP: 2/55 [wyvern (7)]
  3143 | D:3      | Killed a wyvern
  3144 | D:3      | Reached skill level 5 in Fighting
  3144 | D:3      | Reached skill level 6 in Axes
  3144 | D:3      | Reached skill level 1 in Dodging
  3665 | D:4      | Found a staircase to the Ecumenical Temple.
  3677 | D:4      | Reached XP level 7. HP: 49/61 MP: 7/7
  3688 | Temple   | Entered the Ecumenical Temple
  3788 | D:4      | Noticed Duvessa
  3791 | D:4      | Noticed Dowan
  3802 | D:4      | Killed Duvessa
  3808 | D:4      | Killed from afar by Dowan

Illustrated notes

Levels and vault maps discovered:
D:1:      dpeg_arrival_ratfight, layout_rooms
D:2:      minmay_spotlight, layout_loops_ring, gammafunk_temple_overflow_pools,
          corexii_item_surrounded_by_moat, minivault_19, uniq_robin,
          uniq_crazy_yiuf_cottage
D:3:      layout_basic, minmay_misc_feat_tiny, serial_bayou_ford_a
D:4:      layout_layer_cave, general_overflow_altar, nzn_wu_jian_council_hall,
          minmay_temple_entry_waves, gup_sewer_entry_glass, uniq_edmund,
          uniq_duvessa
Temple:   nicolae_temple_god_jail

Skill      XL: |  1  2  3  4  5  6 |
---------------+-------------------+-----
Axes           | 3 4 5 6 |  6.4
Fighting       | 4 5 |  5.3
Armour         | 4 |  4.5
Shields        | 4 |  4.8
Dodging        | 1 |  1.4
Stealth        | |  0.4
Evocations     | |  0.8

Action                   |  1- 3 |  4- 6 |  7- 9 || total
-------------------------+-------+-------+-------++-------
Melee: War axe           |    94 |   232 |    13 ||   339
Evoke: Wand              |       |     2 |       ||     2
  Use: Potion            |       |     1 |     1 ||     2
Armor: Scale mail        |    47 |   111 |     8 ||   166
Dodge: Dodged            |    45 |    67 |     4 ||   116
Block: Kite shield       |    57 |   103 |     6 ||   166
